 Dungeon Crawl Stone Soup version 0.31.0-11-ge490571c62 (webtiles) character file.

Game seed: 9554428081123867971

403 qw the Shooter (level 6, 0/31 HPs)
             Began as a Spriggan Hunter on Feb 4, 2024.
             Slain by an ice beast (11 damage)
             ... on level 4 of the Dungeon.
             The game lasted 00:00:07 (2198 turns).

qw the Shooter (Spriggan Hunter)                    Turns: 2198, Time: 00:00:08

Health: 0/31       AC:  3    Str:  7    XL:     6   Next: 55%
Magic:  7/7        EV: 20    Int: 11    God:
Gold:   89         SH:  0    Dex: 20    Spells: 5/5 levels left

rFire   . . .        a - +1 shortbow
rCold   . . .        (shield currently unavailable)
rNeg    . . .        c - +0 robe
rPois   .            (helmet restricted)
rElec   .            l - +0 cloak
rCorr   .            (gloves unavailable)
SInv    +            (boots unavailable)
Will    ++...        f - amulet of faith
Stlth   ++           g - ring of willpower
HPRegen 0.25/turn    (no ring)
MPRegen 0.10/turn

%: faith
@: very quick
A: very small, no large weapons, unfitting armour, see invisible, speed 3
a: no special abilities


You were on level 4 of the Dungeon.
You visited 1 branch of the dungeon, and saw 4 of its levels.

You collected 134 gold pieces.
You spent 45 gold pieces at shops.


Innate Abilities, Weirdness & Mutations

You are very small and have problems with some larger weapons.
You are too small for most types of armour.
You have supernaturally acute eyesight. (SInv)
You cover ground extremely quickly. (Speed+++)


   Skills:
 - Level 2.3 Fighting
 - Level 6.7 Ranged Weapons
 + Level 5.2 Dodging
 - Level 1.5 Stealth


You had 5 spell levels left.
You didn't know any spells.
Your spell library was empty.

Inventory:

Hand Weapons
 a - a +1 shortbow (weapon)
Armour
 c - a +0 robe (worn)
 l - a +0 cloak (worn)
Jewellery
 f - an amulet of faith (around neck)
 g - a ring of willpower (left hand)
 i - an amulet of magic regeneration
Wands
 b - a wand of roots (14)
Scrolls
 d - a scroll of teleportation
Potions
 e - a potion of curing
 h - a potion of might
 j - a potion of cancellation {unknown}
 k - a potion of heal wounds {unknown}

Dungeon Overview and Level Annotations

Branches:
Dungeon (4/15)
 Temple: D:4-7

Altars:
Kikubaaqudgha
Wu Jian

Shops:
D:3 *

Annotations:
D:3 1 runed translucent door, Crazy Yiuf


Message History

Wisps of shadow whirl around you...
It was a scroll of summoning.
2093 ||| READING scroll labelled GERONK LYUFRIXURI.
As you read the scroll labelled GERONK LYUFRIXURI, it crumbles to dust.
It is a scroll of enchant weapon.
2093 ||| ENCHANTING +0 shortbow.
Your +0 shortbow glows red for a moment.
2094 ||| DROPPING potion of magic.
You drop a potion of magic.
What level of the Dungeon? (default 3, ? - help)
You swap places.
You swap places.
You swap places.
There is a stone staircase leading up here.
There is a stone staircase leading down here.
You climb downwards.
Found a tapered ivory wand.
There is a stone staircase leading up here.
Waypoint 3 assigned to D:4.
b - a wand of roots (14)
There is a stone staircase leading up here.
i - an amulet of magic regeneration An ice beast comes into view.
You shoot an arrow. The arrow hits the ice beast.
The ice beast is lightly wounded.
You shoot an arrow. The arrow barely misses the ice beast.
You shoot an arrow. The arrow hits the ice beast.
The ice beast is lightly wounded.
The ice beast hits you. The ice beast freezes you!
You shoot an arrow. The arrow hits the ice beast.
The ice beast is moderately wounded.
The ice beast closely misses you.
You shoot an arrow. The arrow hits the ice beast.
The ice beast is heavily wounded.
The ice beast closely misses you.
You shoot an arrow. The arrow hits the ice beast.
The ice beast is heavily wounded.
The ice beast hits you. The ice beast freezes you!
You shoot an arrow.
The arrow hits the ice beast but does no damage.
The ice beast is heavily wounded.
The ice beast hits you. The ice beast freezes you!
You die...

..# ..# .. ..
.# .#
########Y#
#......@.# .#.#
#.######## .#.#
#.# .#.# #.#
.#.# #.# .#.#
#.# .#.# #.###
.#.#######...##
..........###.#


You could see an ice beast.

Vanquished Creatures
  Grinder (D:3)
  2 vampire bats (D:3)
  An orc wizard (D:3)
  3 adders
  2 dart slugs
  2 ribbon worms (D:2)
  3 orcs (D:3)
  5 ball pythons
  4 bat skeletons (D:3)
  A bat zombie (D:3)
  4 endoplasms
  2 giant cockroaches
  4 goblins
  5 hobgoblins
  4 jackals (D:3)
  3 quokkas (D:1)
  10 bats
  2 frilled lizards (D:2)
  6 kobolds
  2 rats
66 creatures vanquished.

Notes
Turn   | Place    | Note
-------+----------+-------------------------------------------
     0 | D:1      | qw the Spriggan Hunter began the quest for the Orb.
     0 | D:1      | Reached XP level 1. HP: 10/10 MP: 2/2
     0 | D:1      | 0 ||| qw: Version: 0.3-a-160-g6735b56
     0 | D:1      | 0 ||| qw: Game counter: 4474
     0 | D:1      | 0 ||| qw: Melee chars always use a shield: true
     0 | D:1      | 0 ||| qw: God list: Okawaru
     0 | D:1      | 0 ||| qw: Allow faded altars: false
     0 | D:1      | 0 ||| qw: Do Orc after clearing Dungeon:15 true
     0 | D:1      | 0 ||| qw: Do second Lair branch before Depths: true
     0 | D:1      | 0 ||| qw: Lair rune preference: random
     0 | D:1      | 0 ||| qw: Goals: Normal
     0 | D:1      | 0 ||| PLANNING D:1-11
    28 | D:1      | Reached skill level 3 in Dodging
    69 | D:1      | Reached XP level 2. HP: 14/14 MP: 3/3
   392 | D:1      | 392 ||| UPGRADING to amulet of faith.
   397 | D:1      | 397 ||| READING scroll labelled HAIWIU XYOFEL.
   422 | D:1      | 422 ||| READING 2 scrolls labelled FERAX SUQOMME.
   422 | D:1      | 422 ||| IDENTIFYING coppery potion
   423 | D:1      | 423 ||| READING scroll of identify.
   423 | D:1      | 423 ||| IDENTIFYING metallic orange potion
   424 | D:1      | 424 ||| READING scroll labelled LUSONI HYGIG.
   525 | D:1      | 525 ||| READING scroll labelled FOUTEM HUNEHUSCH.
   526 | D:1      | 526 ||| DRINKING 2 orange potions.
   527 | D:1      | 527 ||| DROPPING scroll of butterflies.
   528 | D:1      | 528 ||| DROPPING potion of lignification.
   580 | D:2      | Reached XP level 3. HP: 18/18 MP: 4/4
   792 | D:2      | Reached skill level 5 in Ranged Weapons
   850 | D:2      | Reached XP level 4. HP: 22/22 MP: 5/5
  1013 | D:2      | 1013 ||| UPGRADING to ring of willpower.
  1014 | D:2      | 1014 ||| READING scroll labelled JUGIQ HYTTAE.
  1019 | D:2      | 1019 ||| READING scroll labelled UHECEMADE.
  1021 | D:2      | 1021 ||| Stepping ~*~*~tactically~*~*~ (cloud).
  1030 | D:2      | HP: 5/22 [poisoned by you (poison gas)]
  1192 | D:3      | HP: 2/22 [orc/+0 hand axe (5)]
  1332 | D:3      | Found a runed translucent door.
  1333 | D:3      | Noticed Crazy Yiuf
  1398 | D:3      | Found Dit Paist's General Store.
  1407 | D:3      | 1407 ||| BUYING +0 cloak (45 gold).
  1407 | D:3      | Bought a +0 cloak for 45 gold pieces
  1407 | D:3      | 1407 ||| SHOPLISTING potion of curing (30 gold, have 26).
  1499 | D:3      | Found an ancient bone altar of Kikubaaqudgha.
  1502 | D:3      | Reached XP level 5. HP: 27/27 MP: 6/6
  1690 | D:3      | Found a faded altar of an unknown god.
  1706 | D:3      | Noticed Grinder
  1721 | D:3      | Killed Grinder
  1722 | D:3      | Reached skill level 6 in Ranged Weapons
  1722 | D:3      | Reached XP level 6. HP: 18/31 MP: 7/7
  1913 | D:3      | Found an ornate altar of the Wu Jian Council.
  2086 | D:3      | 2086 ||| UPGRADING to +0 cloak.
  2091 | D:3      | 2091 ||| READING scroll of identify.
  2091 | D:3      | 2091 ||| IDENTIFYING green potion
  2092 | D:3      | 2092 ||| READING scroll labelled SENAGEUPUK.
  2093 | D:3      | 2093 ||| READING scroll labelled GERONK LYUFRIXURI.
  2093 | D:3      | 2093 ||| ENCHANTING +0 shortbow.
  2094 | D:3      | 2094 ||| DROPPING potion of magic.
  2191 | D:4      | Noticed an ice beast
  2198 | D:4      | Slain by an ice beast

Levels and vault maps discovered:
D:1:      mrwooster_arrival_statue_2, layout_rooms
D:2:      layout_basic, minmay_pentomino_p2
D:3:      layout_loops_ring, nicolae_overflow_ecumenical_swirl,
          kennysheep_vampire_church, serial_shops, shop,
          minmay_misc_feat_encased, uniq_grinder, uniq_crazy_yiuf_cottage
D:4:      minmay_diamond_boxcup, layout_loops_ring, mainiacjoe_overflow_alcove_1

Skill      XL: |  1  2  3  4  5 |
---------------+----------------+-----
Dodging        | 3 4 5 |  5.2
Ranged Weapons | 5 6 |  6.7
Fighting       | 2 |  2.3
Stealth        | |  1.5

Action                     |  1- 3 |  4- 6 || total
---------------------------+-------+-------++-------
   Fire: Shortbow          |    99 |   101 ||   200
    Use: Scroll            |     5 |     5 ||    10
         Potion            |     1 |       ||     1
 Armour: Robe              |     7 |    22 ||    29
  Dodge: Dodged            |    29 |    70 ||    99

Table legend:
 A = Non-vault XP
 B = Vault XP
 C = Vault XP percentage of total XP
 D = Non-vault monster count
 E = Vault monster count
 F = Vault count percentage of total count
                 A         B        C        D         E       F
            +---------+---------+-------+---------+---------+-------
      Total |     165 |     411 |  71.4 |      56 |      10 |  15.2
            +---------+---------+-------+---------+---------+-------
        D:1 |      38 |       0 |   0.0 |      20 |       0 |   0.0
        D:2 |      46 |      15 |  24.6 |      18 |       2 |  10.0
        D:3 |      81 |     396 |  83.0 |      18 |       8 |  30.8
            +---------+---------+-------+---------+---------+-------
